 Dungeon Crawl Stone Soup version 0.30.1-9-gdf580d7c3d (webtiles) character file.

Game seed: 5825274148599120358

228 monsoonserge the Conjurer (level 5, 0/40 HPs)
             Began as a Draconian Conjurer on Oct 25, 2023.
             Slain by a centaur (2 damage)
             ... on level 3 of the Dungeon.
             The game lasted 00:10:17 (3138 turns).

monsoonserge the Conjurer (Draconian Conjurer)      Turns: 3138, Time: 00:10:17

Health: 0/40       AC:  6    Str:  9    XL:     5   Next: 71%
Magic:  0/8        EV: 12    Int: 20    God:
Gold:   187        SH:  0    Dex: 10    Spells: 5/8 levels left

rFire   . . .        c - +0 dagger (holy)
rCold   . . .        (no shield)
rNeg    . . .        (body armour unavailable)
rPois   .            (helmet restricted)
rElec   .            k - +0 cloak
rCorr   .            (no gloves)
SInv    .            (no boots)
Will    .....        (no amulet)
Stlth   ++           (no ring)
HPRegen 0.26/turn    (no ring)
MPRegen 0.11/turn

%: no passive effects
@: no status effects
A: AC +5, unfitting armour, cold-blooded
a: no special abilities


You were on level 3 of the Dungeon.
You visited 1 branch of the dungeon, and saw 3 of its levels.

You collected 187 gold pieces.

Inventory:

Hand Weapons
 c - a +0 dagger of holy wrath (weapon)
Missiles
 l - 3 poisoned darts (quivered)
Armour
 k - a +0 cloak (worn)
Magical Staves
 g - a staff of cold
Jewellery
 e - an amulet of guardian spirit
Scrolls
 b - a scroll of poison
 d - 2 scrolls of teleportation
Potions
 a - a potion of magic
 h - 2 potions of brilliance {unknown}
 i - a potion of curing
 j - a potion of invisibility {unknown}
 m - a potion of lignification {unknown}


   Skills:
 + Level 1.2 Fighting
 + Level 1.1 Short Blades
 + Level 3.0 Dodging
 - Level 2.0 Stealth
 - Level 2.0 Spellcasting
 + Level 6.0 Conjurations


You had 5 spell levels left.
You knew the following spells:

 Your Spells              Type           Power      Damage    Failure   Level
a - Magic Dart            Conj           100%       1d8       1%          1
b - Searing Ray           Conj           52%        2d6       1%          2

Your spell library contained the following spells:

 Spells                   Type           Power      Damage    Failure   Level
 Dazzling Flash           Conj/Hex       28%        N/A       14%         3
 Fulminant Prism          Conj/Hex       7%         3d7       41%         4
 Iskenderun's Mystic Bla  Conj/Tloc      14%        2d5       41%         4
 Leda's Liquefaction      Hex/Erth       1%         N/A       83%         4
 Lee's Rapid Deconstruct  Erth           1%         3d4*      99%         5
 Statue Form              Tmut/Erth      1%         N/A       100%        6


Dungeon Overview and Level Annotations

Branches:
Dungeon (3/15)

Altars:
Uskayaw

Shops:
D:2 [

Annotations:
D:3 3 runed translucent doors, kaesle's ghost, amateur HOFi


Innate Abilities, Weirdness & Mutations

Your plain brown scales are hard. (AC +5)
You cannot fit into any form of body armour.
You are cold-blooded and may be slowed by cold attacks.


Message History

The centaur kicks you but does no damage.
The centaur hits you.
* * * LOW HITPOINT WARNING * * *
The centaur kicks you but does no damage.
Casting: Searing Ray (safe; 1% risk of failure)
Confirm with . or Enter, or press ? or * to list all spells.
Aiming: Magic Dart (safe; 1% risk of failure)
Press: ? - help, Shift-Dir - straight line, f/p - centaur
Aim: a centaur (almost dead, 100% to hit)
The magic dart hits the centaur.
The centaur is almost dead.
The centaur hits you but does no damage.
The centaur kicks you but does no damage.
You hit the centaur but do no damage. You tail-slap the centaur.
The centaur is almost dead.
The centaur barely misses you. x2
You barely miss the centaur.
The centaur is almost dead.
The centaur barely misses you. x2
The centaur hits you but does no damage.
The centaur misses you.
You hit the centaur but do no damage.
You tail-slap the centaur, but do no damage.
The centaur is almost dead.
The centaur closely misses you. The centaur barely misses you.
You barely miss the centaur.
The centaur is almost dead.
The centaur hits you but does no damage.
The centaur kicks you but does no damage.
The centaur closely misses you.
The centaur kicks you but does no damage.
You hit the centaur but do no damage.
The centaur is almost dead.
The centaur hits you.
* * * LOW HITPOINT WARNING * * *
The centaur barely misses you.
You barely miss the centaur.
The centaur is almost dead.
The centaur barely misses you. The centaur kicks you.
You die...

## #......#.#... #...
######.._.... #...
#########.##.# #....
.............#
#....#############.#...#
#..........### #.'...'
#........'.# ###...#
#........#.# #####
#...c@...#.# #
#........#.##....# #
#........#.##....# #
#........#.##....# #
##########.##....# #
#.##....# # #.##....# #
#.##...)# #
#.##....#####


You could see a centaur.

Vanquished Creatures
  A black bear (D:3)
  An iguana (D:3)
  3 gnolls (D:2)
  3 adders
  2 worms (D:2)
  5 bats
  5 endoplasms
  4 giant cockroaches
  5 hobgoblins
  3 quokkas
  7 ball pythons
  2 frilled lizards
  6 goblins
  2 kobolds (D:2)
  5 rats
54 creatures vanquished.

Notes
Turn   | Place    | Note
-------+----------+-------------------------------------------
     0 | D:1      | monsoonserge the Draconian Conjurer began the quest for the
                  | Orb.
     0 | D:1      | Reached XP level 1. HP: 14/14 MP: 3/3
   339 | D:1      | Reached XP level 2. HP: 20/20 MP: 0/5
   410 | D:2      | Learned a level 2 spell: Searing Ray
   998 | D:2      | Reached XP level 3. HP: 26/26 MP: 0/6
  1290 | D:2      | Reached skill level 5 in Conjurations
  1500 | D:2      | Reached XP level 4. HP: 34/34 MP: 0/7
  1577 | D:2      | Identified the +0 scale mail "Iphiyt" {Int+3}
  2051 | D:2      | Found Fosidd's Armour Boutique.
  2502 | D:3      | Found a hide-covered altar of Uskayaw.
  2555 | D:3      | Found a runed translucent gate.
  2555 | D:3      | Found a runed translucent gate.
  2555 | D:3      | Found a runed translucent gate.
  2555 | D:3      | Noticed kaesle's ghost (amateur HOFi)
  2791 | D:3      | Reached XP level 5. HP: 39/39 MP: 5/8
  2812 | D:3      | Noticed a black bear
  2833 | D:3      | Killed a black bear
  2834 | D:3      | Reached skill level 1 in Fighting
  2834 | D:3      | Reached skill level 1 in Short Blades
  2834 | D:3      | Reached skill level 6 in Conjurations
  3118 | D:3      | Noticed a centaur
  3137 | D:3      | HP: 2/40 [centaur (6)]
  3138 | D:3      | Slain by a centaur

Illustrated notes

Levels and vault maps discovered:
D:1:      lightli_arrival_windingriver, layout_rooms, st_stairs_2
D:2:      layout_loops_corners, serial_shops, nicolae_shop_real_fake_doors
D:3:      layout_basic, lemuel_crystal_altar, ebering_ghost_rock_garden,
          serial_shops, shop, minmay_surrounded

Skill      XL: |  1  2  3  4  5 |
---------------+----------------+-----
Dodging        | 2 3 |  3.0
Stealth        | 2 |  2.0
Conjurations   | 5 6 |  6.0
Fighting       | 1 |  1.2
Short Blades   | 1 |  1.1
Spellcasting   | |  2.0

Action                     |  1- 3 |  4- 6 || total
---------------------------+-------+-------++-------
  Melee: Unarmed           |    16 |       ||    16
         Dagger            |    31 |    19 ||    50
         Tailslap          |     4 |     3 ||     7
         Punch             |     1 |     2 ||     3
   Cast: Magic Dart        |    24 |     1 ||    25
         Searing Ray       |    18 |    20 ||    38
    Use: Scroll            |       |     3 ||     3
   Stab: Sleeping          |       |     1 ||     1
 Armour: Skin              |    13 |    20 ||    33
  Dodge: Dodged            |    55 |    40 ||    95
